 Dungeon Crawl Stone Soup version 0.31-a0-521-gc7390f8997 (webtiles) character file.

Game seed: 2361447663607935689

964 Ofeo the Shooter (level 8, -1/67 HPs)
             Began as a Formicid Hunter on Aug 10, 2023.
             Was an Initiate of Dithmenos.
             Slain by a gnoll bouda
             ... wielding a +0 club
              (4 damage)
             ... on level 5 of the Dungeon.
             The game lasted 00:04:34 (4107 turns).

Ofeo the Shooter (Formicid Hunter)                  Turns: 4107, Time: 00:04:34

Health: -1/67      AC:  5    Str: 14 (15) XL:     8   Next: 38%
Magic:  8/8        EV: 12    Int:  7 (10) God:    Dithmenos [......]
Gold:   201        SH:  0    Dex: 17 (19) Spells: 7/7 levels left

rFire   . . .        a - +0 shortbow
rCold   . . .        (no shield)
rNeg    . . .        c - +0 leather armour
rPois   .            (helmet unavailable)
rElec   .            i - +0 cloak
rCorr   .            d - +0 pair of gloves
SInv    +            (no boots)
Will    +....        (no amulet)
Stlth   ++           f - ring of willpower
HPRegen 0.31/turn    (no ring)
MPRegen 0.11/turn

%: no passive effects
@: mighty, invisible
A: permanent stasis, dig shafts and tunnels, antennae 3, four strong arms
a: Dig, Shaft Self, Renounce Religion


You were on level 5 of the Dungeon.
You worshipped Dithmenos.
Dithmenos was noncommittal.
You visited 2 branches of the dungeon, and saw 6 of its levels.

You collected 201 gold pieces.

Inventory:

Hand Weapons
 a - a +0 shortbow (weapon)
Armour
 c - a +0 leather armour (worn)
 d - a +0 pair of gloves (worn)
 i - a +0 cloak (worn)
Jewellery
 f - a ring of willpower (left hand)
Wands
 o - a wand of flame (27)
Scrolls
 b - a scroll of butterflies
 g - a scroll of fear
 j - 2 scrolls of enchant armour
 q - 3 scrolls of immolation
Potions
 h - 2 potions of curing {unknown}
 p - a potion of brilliance {unknown}


   Skills:
 + Level 7.1 Fighting
 + Level 7.4 Ranged Weapons
 - Level 2.3 Dodging
 - Level 2.5 Stealth


You had 7 spell levels left.
You didn't know any spells.
Your spell library contained the following spells:

 Spells                   Type           Power      Damage    Failure   Level
 Sublimation of Blood     Necr           0%         N/A       65%         2
 Wereblood                Tmut           0%         N/A       65%         2
 Summon Hydra             Summ           0%         N/A       100%        7


Dungeon Overview and Level Annotations

Branches:
Dungeon (5/15)             Temple (1/1) D:4

Altars:
Cheibriados
Dithmenos
Elyvilon
Fedhas
Gozag
Hepliaklqana
Kikubaaqudgha
Makhleb
Qazlal
Sif Muna
Trog
Uskayaw
Wu Jian
Xom
Yredelemnul
Zin


Innate Abilities, Weirdness & Mutations

You cannot be hasted, slowed, berserked, paralysed or teleported.
You can dig through walls and to a lower floor.
You have a pair of large antennae on your head. (SInv)
Your four strong arms can wield two-handed weapons with a shield.


Message History

It was a potion of ambrosia.
You are confused.
You feel invigorated. The gnoll barely misses you. The gnoll bouda misses you.
You regained 4 hp, and now have 5/67 hp.
You're too confused to move!
The gnoll barely misses you. The gnoll bouda misses you.
You regained 3 hp, and now have 8/67 hp.
You clumsily bash the gnoll bouda but do no damage.
The gnoll bouda is heavily wounded.
The gnoll is no longer moving quickly.
The gnoll hits you with a +0 flail.
* * * LOW HITPOINT WARNING * * *
The gnoll bouda closely misses you. The gnoll hits you with a +0 flail.
* * * LOW HITPOINT WARNING * * *
You take 1 damage, and have 7/67 hp.
You bump into the rock wall.
The gnoll bouda hits you with a +0 club!
* * * LOW HITPOINT WARNING * * *
The gnoll closely misses you.
You take 1 damage, and have 6/67 hp.
You bump into the rock wall.
The gnoll bouda misses you. The gnoll hits you with a +0 flail!
* * * LOW HITPOINT WARNING * * *
You take 3 damage, and have 3/67 hp.
You bump into the rock wall.
The gnoll bouda closely misses you. The gnoll barely misses you.
You regained 4 hp, and now have 7/67 hp.
It was a potion of haste.
Your stasis prevents you from being hasted.
You feel less invigorated.
You feel less confused.
The gnoll is no longer moving quickly.
The gnoll bouda hits you with a +0 club.
* * * LOW HITPOINT WARNING * * *
The gnoll hits you with a +0 flail.
* * * LOW HITPOINT WARNING * * *
You take 4 damage, and have 3/67 hp.
It was a potion of might.
You feel very mighty all of a sudden.
The gnoll bouda hits you with a +0 club.
You die...

##.#..#####.####
#.#...####.##
##.....##....#
######....#..###
###########....#
#............#.#
#.############.#
#.# #.### ..#
#.g@# ### ###g#
#g# ,#g#, ,.go,
,... { ,#...
....


You could see a gnoll bouda (unable to see you), 4 gnolls and an orc (wandering,
unable to see you).

Vanquished Creatures
  Grinder (D:3)
  Sigmund (D:3)
  An ogre (D:5)
  A centaur (D:4)
  A jelly (D:4)
  3 orc priests (D:5)
  An iguana (D:5)
  2 orc wizards
  5 gnolls
  8 adders
  A shadow imp (D:5)
  3 worms
  2 dart slugs
  10 orcs
  5 ball pythons
  5 endoplasms
  2 giant cockroaches
  5 goblins
  14 hobgoblins
  2 jackals (D:4)
  5 quokkas
  7 bats
  3 frilled lizards
  11 kobolds
  3 rats
102 creatures vanquished.

Notes
Turn   | Place    | Note
-------+----------+-------------------------------------------
     0 | D:1      | Ofeo the Formicid Hunter began the quest for the Orb.
     0 | D:1      | Reached XP level 1. HP: 16/16 MP: 1/1
    37 | D:1      | Reached XP level 2. HP: 23/23 MP: 2/2
   316 | D:1      | Reached XP level 3. HP: 28/28 MP: 3/3
   758 | D:2      | Reached XP level 4. HP: 34/34 MP: 4/4
  1459 | D:3      | Reached XP level 5. HP: 41/41 MP: 5/5
  1624 | D:3      | Reached skill level 5 in Ranged Weapons
  1963 | D:3      | Noticed Sigmund
  1969 | D:3      | Noticed Grinder
  1984 | D:3      | Killed Sigmund
  1985 | D:3      | Reached XP level 6. HP: 48/50 MP: 6/6
  2012 | D:3      | Killed Grinder
  2013 | D:3      | Reached skill level 5 in Fighting
  2013 | D:3      | Reached XP level 7. HP: 27/57 MP: 7/7
  2558 | D:4      | Found a staircase to the Ecumenical Temple.
  2571 | Temple   | Found a transporter.
  2571 | Temple   | Found a transporter.
  2571 | Temple   | Found a transporter.
  2571 | Temple   | Found a transporter.
  2571 | Temple   | Entered the Ecumenical Temple
  2591 | Temple   | Became a worshipper of Dithmenos the Shadowed
  2657 | D:4      | Found a stormy altar of Qazlal.
  3289 | D:5      | Entered Level 5 of the Dungeon
  3429 | D:5      | Reached XP level 8. HP: 43/65 MP: 8/8
  4098 | D:5      | HP: 1/67 [gnoll/+0 flail[a gnoll bouda] (6)]
  4104 | D:5      | HP: 3/67 [gnoll/+0 flail[a gnoll bouda] (8)]
  4107 | D:5      | Slain by a gnoll bouda

Illustrated notes

Levels and vault maps discovered:
D:1:      eino_arrival_tree_alley, layout_rooms
D:2:      layout_basic
D:3:      layout_basic, uniq_sigmund, uniq_grinder
D:4:      layout_loops_ring, nicolae_qazlal_eye_of_the_storm, temple_pool_b,
          kennysheep_generic_room_10
D:5:      layout_basic, vehumet_altar_wand_db
Temple:   hellmonk_temple_divided_pantheon

Skill      XL: |  1  2  3  4  5  6  7  8 |
---------------+-------------------------+-----
Dodging        | 2 |  2.3
Stealth        | 2 |  2.5
Fighting       | 3 4 5 6 7 |  7.1
Ranged Weapons | 5 6 7 |  7.4

Action                     |  1- 3 |  4- 6 |  7- 9 || total
---------------------------+-------+-------+-------++-------
  Melee: Unarmed           |       |     9 |       ||     9
         Shortbow          |       |       |     1 ||     1
   Fire: Shortbow          |    80 |   136 |   147 ||   363
    Use: Scroll            |       |     6 |     3 ||     9
         Potion            |       |     2 |     5 ||     7
 Armour: Leather armour    |    12 |     7 |    19 ||    38
         Skin              |       |    19 |       ||    19
  Dodge: Dodged            |    20 |    22 |    66 ||   108

Table legend: (Time is in decaauts)
 A = Elapsed time spent in this place.
 B = Non-inter-level travel time spent in this place.
 C = Inter-level travel time spent in this place.
 D = Time resting spent in this place.
 E = Time spent auto-exploring this place.
 F = Levels seen in this place.
 G = Mean time per level.
                   A        B        C        D        E       F      G
               +--------+--------+--------+--------+--------+-----+--------+
         Total |   4169 |   4027 |    142 |    590 |   2710 |   6 |  694.8 |
       Dungeon |   4134 |   4004 |    130 |    590 |   2710 |   5 |  826.8 |
        Temple |     34 |     22 |     12 |      0 |      0 |   1 |   34.0 |
               +--------+--------+--------+--------+--------+-----+--------+

Top non-repeatable levels by time:
     D:3: 1228 daAuts
     D:4: 1091 daAuts
     D:2: 692 daAuts
     D:1: 674 daAuts
     D:5: 447 daAuts
  Temple: 34 daAuts
